Map: Fields of Death

Players

Anti

  • Race: Protoss Protoss
  • Spawn Location: 7:00

Zhuzho

  • Race: Zerg Zerg
  • League: Platinum
  • Spawn Location: 6:00

Loken - Winner!

  • Race: Protoss Protoss
  • League: Platinum
  • Spawn Location: 12:00

dallaskuken - Winner!

  • Race: Protoss Protoss
  • League: Platinum
  • Spawn Location: 12:00

VOD

Have the link to the VOD?

Description

Time

  • Played on: March 30, 2017, 3:09 p.m.
  • Length: 12:57
Show
View Real Time Build Order
Export as new Build Order

Anti Protoss 

Build Orders:  

Get SALT Encoding   

  12  0:02  Probe (Chrono Boost)  
  13  0:16  Probe (Chrono Boost)  
  14  0:26  Probe (Chrono Boost)  
  15  0:30  Pylon  
  15  0:42  Assimilator  
  15  0:48  Probe (Chrono Boost)  
  16  0:50  Gateway  
  16  0:55  Pylon  
  16  0:58  Probe (Chrono Boost)  
  17  1:05  Assimilator  
  17  1:09  Probe (Chrono Boost)  
  18  1:20  Probe (Chrono Boost)  
  19  1:30  Probe (Chrono Boost)  
  20  1:40  Cybernetics Core  
  20  1:41  Probe (Chrono Boost)  
  20  1:43  Pylon  
  21  1:51  Probe (Chrono Boost)  
  22  2:11  Nexus  
  23  2:21  Mothership Core (Chrono Boost)  
  24  2:28  Protoss Air Weapons Level 1  
  24  2:39  Probe (Chrono Boost)  
  25  2:50  Stargate  
  25  2:53  Pylon  
  25  3:04  Probe (Chrono Boost)  
  26  3:15  Probe (Chrono Boost)  
  26  3:17  Stargate  
  26  3:30  Void Ray  
  26  3:37  Probe (Chrono Boost)  
  31  3:47  Probe (Chrono Boost)  
  32  3:57  Probe (Chrono Boost)  
  33  4:06  Assimilator  
  33  4:07  Void Ray  
  37  4:11  Assimilator  
  37  4:26  Protoss Air Armor Level 1  
  37  4:33  Nexus  
  37  4:35  Probe (Chrono Boost)  
  38  4:46  Probe (Chrono Boost)  
  38  4:48  Void Ray  
  39  4:56  Probe (Chrono Boost)  
  44  5:13  Fleet Beacon  
  44  5:14  Pylon  
  44  5:18  Pylon  
  44  5:23  Probe (Chrono Boost)  
  44  5:26  Probe (Chrono Boost)  
  46  5:31  Void Ray  
  50  5:43  Void Ray  
  54  5:54  Probe (Chrono Boost)  
  55  5:59  Probe (Chrono Boost)  
  55  6:02  Probe (Chrono Boost)  
  57  6:05  Probe (Chrono Boost)  
  58  6:14  Probe (Chrono Boost)  
  58  6:15  Probe (Chrono Boost)  
  60  6:20  Protoss Air Weapons Level 2  
  60  6:31  Pylon  
  60  6:34  Pylon  
  60  6:36  Pylon  
  56  6:53  Carrier  
  56  6:54  Carrier  
  60  7:38  Probe (Chrono Boost)  
  60  7:39  Mothership Core (Chrono Boost)  
  61  7:49  Probe (Chrono Boost)  
  63  7:58  Probe (Chrono Boost)  
  63  7:59  Probe (Chrono Boost)  
  64  8:10  Probe (Chrono Boost)  
  61  8:23  Probe (Chrono Boost)  
  58  8:34  Carrier  
  52  8:50  Probe (Chrono Boost)  
  52  8:54  Probe (Chrono Boost)  
  54  9:13  Probe (Chrono Boost)  
  55  9:23  Graviton Catapult  
  61  9:30  Probe (Chrono Boost)  
  62  9:42  Probe (Chrono Boost)  
  63  9:49  Carrier  
  64  10:10  Carrier, Probe (Chrono Boost)  
  72  10:22  Probe (Chrono Boost)  
  72  10:30  Probe (Chrono Boost)  
  72  10:34  Probe (Chrono Boost)  
  74  10:41  Probe (Chrono Boost)  
  75  10:46  Probe (Chrono Boost)  
  53  11:10  Carrier  
  48  11:26  Probe (Chrono Boost)  
  48  11:27  Mothership Core (Chrono Boost), Assimilator  
  48  11:32  Assimilator  
  49  11:36  Probe (Chrono Boost)  
  51  11:47  Probe (Chrono Boost)  
  46  12:19  Mothership Core (Chrono Boost)  
Show
View Real Time Build Order
Export as new Build Order

Zhuzho Zerg 

Build Orders: Pool First 

Get SALT Encoding   

  12  0:01  Drone  
  13  0:11  Drone  
  14  0:17  Overlord  
  14  0:36  Drone x3  
  17  0:49  Spawning Pool  
  16  0:51  Drone  
  17  0:58  Drone  
  18  1:04  Extractor  
  18  1:08  Extractor  
  18  1:10  Drone  
  17  1:22  Drone  
  18  1:30  Drone  
  19  1:39  Queen  
  21  1:48  Drone  
  22  1:58  Hatchery  
  22  1:59  Drone  
  22  2:05  Overlord  
  22  2:15  Lair  
  22  2:26  Drone x2  
  24  2:40  Drone  
  25  3:03  Overlord  
  25  3:09  Extractor  
  25  3:11  Drone x3  
  27  3:13  Spire  
  27  3:17  Queen, Drone  
  29  3:27  Drone  
  29  3:28  Drone  
  29  3:29  Drone  
  32  3:35  Drone  
  32  3:40  Drone x2  
  35  3:45  Drone  
  35  3:46  Extractor  
  35  3:52  Drone  
  36  3:58  Drone x2  
  36  4:01  Overlord  
  38  4:03  Overlord  
  38  4:06  Overlord  
  38  4:18  Drone  
  38  4:19  Drone  
  40  4:28  Mutalisk  
  40  4:29  Mutalisk x2  
  46  4:40  Mutalisk  
  46  4:41  Mutalisk  
  46  4:42  Mutalisk x2  
  46  4:44  Mutalisk  
  56  4:47  Mutalisk  
  56  4:51  Mutalisk  
  60  5:00  Pneumatized Carapace  
  60  5:04  Drone x4  
  64  5:23  Corruptor x2  
  64  5:26  Overlord x3  
  68  5:40  Hatchery  
  67  5:46  Overseer x2  
  67  5:48  Overseer  
  67  5:58  Zerg Flyer Weapons Level 1  
  67  6:00  Corruptor x2  
  71  6:06  Drone x3  
  71  6:11  Infestation Pit  
  73  6:20  Corruptor  
  75  6:46  Mutalisk  
  75  6:47  Mutalisk x2  
  81  7:08  Mutalisk x2  
  85  7:30  Drone  
  85  7:31  Drone x2  
  88  7:41  Extractor  
  88  7:43  Extractor  
  86  7:49  Hive  
  86  7:51  Zergling x2  
  86  7:52  Zergling x6  
  86  7:53  Metabolic Boost  
  86  7:54  Overlord  
  86  7:55  Overlord x2  
  74  8:37  Zergling x2  
  74  8:38  Zergling x4  
  77  8:44  Zergling x10  
  77  8:46  Drone x3  
  85  9:02  Greater Spire  
  85  9:05  Zergling x4  
  85  9:09  Drone x2  
  89  9:19  Queen, Drone  
  92  9:24  Zergling x2  
  92  9:25  Zergling x4  
  92  9:27  Corruptor x2  
  99  9:37  Corruptor  
  101  9:40  Corruptor x2  
  101  9:43  Overlord  
  101  10:04  Zergling x6  
  104  10:09  Drone  
  104  10:10  Drone x2  
  107  10:15  Brood Lord x2  
  107  10:16  Brood Lord  
  107  10:21  Overlord x3  
  113  10:30  Hatchery  
  80  10:49  Brood Lord  
  88  10:50  Brood Lord x3  
  88  10:51  Zergling x2  
  88  10:52  Zergling x4  
  87  10:58  Zergling x2  
  87  10:59  Baneling Nest, Zergling x8  
  87  11:00  Zergling x6  
  87  11:01  Zergling x2  
  87  11:17  Corruptor x2  
  83  11:22  Zergling x4  
  73  11:39  Zergling x4  
  76  11:40  Zergling x2  
  76  11:44  Zergling x2  
  76  11:45  Baneling  
  76  11:46  Baneling  
  76  11:47  Baneling x7  
  73  11:48  Baneling x6  
  73  11:49  Baneling x6  
  73  11:50  Baneling x6  
  73  11:51  Baneling  
  73  11:53  Zergling x4  
  73  11:54  Zergling x8  
  68  12:07  Baneling  
  68  12:08  Baneling x7  
  62  12:18  Spawning Pool  
Show
View Real Time Build Order
Export as new Build Order

Loken Protoss - Winner!

Build Orders: 1 Gate Expand, Double Forge 

Get SALT Encoding   

  12  0:01  Probe (Chrono Boost)  
  13  0:11  Probe (Chrono Boost)  
  14  0:22  Probe (Chrono Boost)  
  15  0:31  Pylon  
  15  0:49  Probe (Chrono Boost)  
  16  0:54  Gateway  
  16  1:08  Nexus  
  17  1:11  Probe (Chrono Boost)  
  17  1:22  Probe (Chrono Boost)  
  18  1:32  Probe (Chrono Boost)  
  19  1:44  Probe (Chrono Boost)  
  20  1:51  Nexus  
  20  2:01  Cybernetics Core  
  20  2:04  Probe (Chrono Boost)  
  21  2:11  Pylon  
  21  2:19  Probe (Chrono Boost)  
  21  2:22  Probe (Chrono Boost)  
  23  2:30  Probe (Chrono Boost)  
  23  2:32  Assimilator, Probe (Chrono Boost)  
  23  2:36  Assimilator  
  25  2:40  Probe (Chrono Boost)  
  25  2:43  Probe (Chrono Boost)  
  27  2:50  Zealot  
  29  2:52  Probe (Chrono Boost)  
  29  2:55  Probe (Chrono Boost)  
  31  3:03  Probe (Chrono Boost)  
  32  3:06  Gateway, Probe (Chrono Boost)  
  32  3:08  Gateway  
  32  3:09  Warp Gate  
  33  3:18  Probe (Chrono Boost)  
  33  3:19  Probe (Chrono Boost)  
  35  3:21  Probe (Chrono Boost)  
  36  3:28  Probe (Chrono Boost)  
  36  3:29  Probe (Chrono Boost)  
  36  3:31  Probe (Chrono Boost)  
  39  3:37  Assimilator  
  39  3:39  Probe (Chrono Boost)  
  39  3:40  Probe (Chrono Boost)  
  41  3:41  Assimilator  
  41  3:42  Probe (Chrono Boost)  
  41  3:48  Gateway  
  42  3:49  Probe (Chrono Boost)  
  42  3:50  Probe (Chrono Boost)  
  42  3:52  Probe (Chrono Boost)  
  42  3:54  Gateway  
  45  4:00  Probe (Chrono Boost)  
  45  4:01  Probe (Chrono Boost)  
  47  4:03  Probe (Chrono Boost)  
  48  4:10  Gateway, Probe (Chrono Boost)  
  48  4:11  Probe (Chrono Boost)  
  48  4:14  Probe (Chrono Boost)  
  51  4:17  Gateway  
  51  4:19  Pylon  
  51  4:24  Pylon  
  51  4:27  Probe x2 (Chrono Boost)  
  53  4:34  Probe (Chrono Boost)  
  53  4:38  Probe (Chrono Boost)  
  55  4:44  Probe (Chrono Boost)  
  56  4:46  Forge  
  56  4:47  Forge  
  56  4:51  Pylon  
  56  4:55  Pylon  
  56  4:56  Probe (Chrono Boost)  
  56  4:58  Probe (Chrono Boost)  
  58  5:00  Probe (Chrono Boost)  
  60  5:08  Probe x2 (Chrono Boost)  
  60  5:10  Probe (Chrono Boost)  
  62  5:22  Twilight Council  
  62  5:25  Robotics Facility  
  62  5:27  Protoss Ground Weapons Level 1, Protoss Ground Armor Level 1  
  62  5:30  Adept  
  62  5:31  Adept x6  
  76  5:37  Pylon x2  
  76  5:38  Pylon  
  76  5:57  Adept  
  76  5:58  Adept x5  
  76  5:59  Adept  
  90  6:33  Stalker x3  
  90  6:34  Stalker x3  
  90  6:35  Stalker  
  92  7:13  Stalker x5  
  92  7:14  Stalker x2  
  104  7:20  Pylon x2  
  104  7:22  Protoss Ground Weapons Level 2, Protoss Ground Armor Level 2  
  100  7:23  Pylon  
  100  7:24  Blink  
  100  7:25  Pylon  
  100  7:26  Pylon  
  90  7:37  Photon Cannon x2  
  90  7:39  Photon Cannon  
  90  7:43  Photon Cannon  
  90  7:45  Photon Cannon  
  90  7:48  Photon Cannon  
  90  7:51  Pylon  
  90  7:54  Pylon  
  90  7:55  Pylon  
  90  7:57  Pylon  
  90  7:58  Pylon  
  90  8:00  Pylon  
  90  8:02  Assimilator, Probe (Chrono Boost)  
  90  8:04  Probe (Chrono Boost)  
  92  8:06  Stalker x2, Assimilator  
  92  8:07  Stalker x4  
  92  8:08  Stalker  
  92  8:12  Probe (Chrono Boost)  
  107  8:14  Probe (Chrono Boost)  
  108  8:23  Probe (Chrono Boost)  
  105  8:38  Stalker  
  105  8:39  Stalker x6  
  119  8:57  Photon Cannon  
  119  9:00  Photon Cannon  
  119  9:04  Photon Cannon  
  119  9:05  Photon Cannon  
  119  9:07  Photon Cannon  
  119  9:10  Stalker, Photon Cannon  
  119  9:11  Stalker x3  
  119  9:12  Stalker x3  
  133  9:27  Templar Archives  
  133  9:31  Photon Cannon  
  133  9:32  Photon Cannon  
  133  9:34  Photon Cannon  
  133  10:04  Stalker x3  
  133  10:05  Stalker x4  
  131  11:08  Stalker x6  
  131  11:09  Stalker  
  145  11:57  Stalker x2  
  145  11:58  Stalker x3  
  145  11:59  Stalker x2  
  129  12:52  Stalker x5  
  129  12:53  Stalker x2  
Show
View Real Time Build Order
Export as new Build Order

dallaskuken Protoss - Winner!

Build Orders: Forge Fast Expand (FFE) 

Get SALT Encoding   

  12  0:02  Probe (Chrono Boost)  
  13  0:12  Probe (Chrono Boost)  
  14  0:23  Pylon  
  14  0:27  Probe (Chrono Boost)  
  15  0:41  Probe (Chrono Boost)  
  16  0:48  Forge  
  16  0:52  Probe (Chrono Boost)  
  17  1:02  Probe (Chrono Boost)  
  18  1:19  Nexus  
  18  1:26  Probe (Chrono Boost)  
  19  1:36  Probe (Chrono Boost)  
  19  1:37  Assimilator  
  19  1:39  Assimilator  
  20  1:50  Gateway, Probe (Chrono Boost)  
  20  1:52  Pylon  
  21  2:03  Photon Cannon  
  21  2:09  Pylon  
  21  2:10  Probe (Chrono Boost)  
  22  2:20  Probe (Chrono Boost)  
  23  2:31  Probe x2 (Chrono Boost)  
  25  2:42  Probe x2 (Chrono Boost)  
  27  2:46  Cybernetics Core  
  27  2:52  Probe (Chrono Boost)  
  27  2:53  Gateway  
  28  3:00  Pylon  
  28  3:03  Probe (Chrono Boost)  
  29  3:14  Probe (Chrono Boost)  
  29  3:18  Photon Cannon  
  30  3:24  Warp Gate, Probe (Chrono Boost)  
  31  3:28  Photon Cannon  
  31  3:35  Probe x2 (Chrono Boost)  
  33  3:45  Probe (Chrono Boost)  
  33  3:46  Probe (Chrono Boost)  
  35  3:51  Photon Cannon  
  35  3:56  Gateway, Probe (Chrono Boost)  
  36  4:05  Assimilator  
  36  4:06  Probe (Chrono Boost)  
  36  4:07  Assimilator  
  37  4:10  Pylon  
  37  4:15  Zealot x2  
  42  4:17  Probe (Chrono Boost)  
  42  4:22  Pylon  
  42  4:26  Gateway  
  42  4:27  Probe (Chrono Boost)  
  43  4:46  Photon Cannon  
  43  4:49  Probe (Chrono Boost)  
  43  4:50  Photon Cannon  
  43  4:52  Zealot x2  
  48  4:53  Zealot  
  50  5:06  Probe (Chrono Boost)  
  51  5:21  Pylon  
  51  5:34  Stalker x4  
  60  5:42  Probe (Chrono Boost)  
  60  5:43  Robotics Facility  
  60  5:53  Probe (Chrono Boost)  
  61  6:05  Stargate  
  61  6:06  Stalker x4  
  61  6:07  Stargate  
  61  6:08  Stargate  
  69  6:23  Pylon x2  
  69  6:25  Pylon  
  69  6:29  Photon Cannon  
  69  6:31  Photon Cannon  
  65  6:50  Stalker x2  
  65  6:51  Stalker x2  
  57  6:58  Phoenix  
  57  6:59  Phoenix x2  
  59  7:23  Phoenix x2  
  59  7:24  Phoenix, Protoss Air Weapons Level 1  
  63  7:30  Observer  
  64  7:48  Phoenix x2  
  64  7:49  Phoenix, Nexus  
  70  7:51  Assimilator  
  70  7:55  Assimilator  
  70  8:02  Stalker  
  70  8:03  Stalker x3  
  44  8:27  Stalker  
  44  8:28  Stalker x3  
  44  8:30  Phoenix x2  
  56  8:40  Probe (Chrono Boost)  
  57  8:52  Probe (Chrono Boost)  
  58  8:56  Phoenix x3  
  58  9:01  Probe (Chrono Boost)  
  66  9:04  Probe (Chrono Boost)  
  66  9:12  Probe (Chrono Boost)  
  66  9:16  Probe (Chrono Boost)  
  68  9:19  Stalker x3, Pylon  
  68  9:21  Pylon  
  68  9:22  Probe (Chrono Boost)  
  68  9:23  Pylon  
  75  9:33  Probe (Chrono Boost)  
  76  9:43  Probe (Chrono Boost)  
  62  10:00  Phoenix x3  
  68  10:09  Probe (Chrono Boost)  
  69  10:19  Probe (Chrono Boost)  
  70  10:25  Phoenix x2  
  74  10:30  Probe (Chrono Boost)  
  75  10:37  Stalker x4  
  75  10:40  Probe (Chrono Boost)  
  84  10:51  Probe (Chrono Boost)  
  85  11:01  Probe (Chrono Boost)  
  86  11:12  Probe (Chrono Boost)  
  87  11:44  Phoenix x3  
  87  12:09  Phoenix x3  
  83  12:25  Stalker x4  
Tags
 
Add a new tag
Caveats
  • Supply blocks, unpowered buildings, or Contaminate may cause inaccurate times.
  • Supply counts are checked every 10 seconds.